 Dungeon Crawl Stone Soup version 0.20-a0-1017-gc3250ce (webtiles) character file.

11 4thArraOfDagon the Firebug (level 2, 0/19 HPs)
             Began as a Barachi Fire Elementalist on Apr 16, 2017.
             Slain by a worker ant (4 damage)
             ... on level 4 of the Dungeon.
             The game lasted 00:01:36 (255 turns).

4thArraOfDagon the Firebug (BaFE)                    Turns: 255, Time: 00:01:37

Health: 0/19       AC:  2    Str:  9    XL:     2   Next: 29%
Magic:  1/5        EV: 12    Int: 15    God:
Gold:   5          SH:  0    Dex: 12    Spells: 4/5 levels left

rFire    . . .     SeeInvis .   f - +0 dagger
rCold    . . .     Gourm    .   (no shield)
rNeg     . . .     Faith    .   a - +0 robe
rPois    .         Spirit   .   (no helmet)
rElec    .         Reflect  .   (no cloak)
rCorr    .         Harm     .   (no gloves)
MR       .....                  (no boots)
Stlth    ++........             (no amulet)
Regen    0.1/turn               (no ring)
MPRegen  0.1/turn               (no ring)

@: slow
A: +LOS, swims, slowness 1, strong legs 1
a: Hop


You were on level 4 of the Dungeon.
You were not hungry.

You visited 1 branch of the dungeon, and saw 4 of its levels.

You collected 5 gold pieces.

Inventory:

Hand Weapons
 f - a +0 dagger (weapon)
Armour
 a - a +0 robe (worn)
Scrolls
 h - a scroll of noise {unknown}
Potions
 d - a potion of mutation {unknown}
 e - a potion of haste {unknown}
 g - a potion of resistance {unknown}
Books
 b - a book of Flames

   Spells                             Type                      Level
   a - Flame Tongue                   Conjuration/Fire             1
   b - Throw Flame                    Conjuration/Fire             2
   c - Conjure Flame                  Conjuration/Fire             3
   d - Inner Flame                    Hexes/Fire                   3
   e - Sticky Flame                   Conjuration/Fire             4
   f - Fireball                       Conjuration/Fire             5
Comestibles
 c - a bread ration
 i - a meat ration


   Skills:
 - Level 2.1 Dodging
 - Level 1.7 Stealth
 + Level 2.3 Spellcasting
 * Level 2.1 Conjurations
 * Level 3.4 Fire Magic


You had 4 spell levels left.
You knew the following spells:

 Your Spells              Type           Power        Failure   Level  Hunger
a - Flame Tongue          Conj/Fire      ##...        10%         1    #......


Dungeon Overview and Level Annotations

Branches:
Dungeon (4/15)
 Temple: D:4-7

Altars:
Elyvilon

Annotations:
D:2 Robin


Innate Abilities, Weirdness & Mutations

Shadows flee at your approach. (+LOS)
You can swim through water.
You cover ground slowly.
You can hop short distances.


Message History

Aiming: Flame Tongue
Press: ? - help, Shift-Dir - straight line, f/p - worker ant
Aim: a worker ant (lightly wounded)
The flame tongue misses the worker ant.
The worker ant bites you.
Casting: Flame Tongue
Confirm with . or Enter, or press ? or * to list all spells.
Aiming: Flame Tongue
Press: ? - help, Shift-Dir - straight line, f/p - worker ant
Aim: a worker ant (lightly wounded)
The flame tongue hits the worker ant.
The worker ant is severely wounded.
The worker ant bites you!
* * * LOW HITPOINT WARNING * * *
Casting: Flame Tongue
Confirm with . or Enter, or press ? or * to list all spells.
Aiming: Flame Tongue
Press: ? - help, Shift-Dir - straight line, f/p - worker ant
Aim: a worker ant (severely wounded)
The flame tongue misses the worker ant.
The worker ant bites you.
You die...

.###..#.##### .#
......#.#######
#
##..............
#.......####.#.#
.........###...
.........+.....
.........# ..?
#.......##
#.#.####
##.....##
#...a@.# ##...##
######.# ##'##
#.# #.# #.#
#.########## #.#
##.#........#
#.# ###....# #.#
#.# #.[....####
#.# #.#
..........# #.#
#.#


You could see a worker ant.

Vanquished Creatures
  A giant cockroach (D:4)
  3 jackals
  A kobold (D:1)
  A quokka (D:3)
  A ball python (D:2)
  A bat (D:1)
  A frilled lizard (D:3)
  A goblin (D:3)
  A rat (D:1)
11 creatures vanquished.

Vanquished Creatures (others)
  A goblin (D:2)
1 creature vanquished.

Grand Total: 12 creatures vanquished

Notes
Turn   | Place    | Note
-------+----------+-------------------------------------------
     0 | D:1      | 4thArraOfDagon the Barachi Fire Elementalist began the quest for the Orb.
     0 | D:1      | Reached XP level 1. HP: 13/13 MP: 3/3
   115 | D:2      | Found a white marble altar of Elyvilon.
   119 | D:2      | Noticed Robin
   131 | D:3      | Reached XP level 2. HP: 13/19 MP: 0/5
   255 | D:4      | Slain by a worker ant

Vault maps used:
D:1:      dpeg_arrival_rooms_c, serial_forest, infiniplex_forest_clump_small,
          infiniplex_forest_straight_4, infiniplex_forest_lined_3_way,
          infiniplex_forest_lined_corner, infiniplex_forest_clump_C
D:2:      vehumet_crystals, elyvilon_altar_4, uniq_robin
D:3:      makhleb_heckhound_becter, first_bread, led_sif_pool
D:4:      lemuel_doored_altar, serial_shops, shop

Skill      XL: |  1 |
---------------+----+-----
Conjurations   | 2 |  2.1
Dodging        | |  2.1
Stealth        | |  1.7
Spellcasting   | |  2.3
Fire Magic     | |  3.4

Action                   || total
-------------------------++-------
Melee: Unarmed           ||     3
       Dagger            ||    11
 Cast: Flame Tongue      ||    16
 Abil: Hop               ||     1
 Stab: Sleeping          ||     1
Armor: Robe              ||     6
Dodge: Dodged            ||    16
